 Dungeon Crawl Stone Soup version 0.29.1-2-gbd0b4ee654 (webtiles) character file.

Game seed: 8973625068703740570

787 LustLizard the Magician (level 8, -1/50 HPs)
             Began as a Djinni Conjurer on Oct 26, 2022.
             Was an Initiate of Ashenzari.
             Shot with an arrow by a centaur (15 damage)
             ... on level 6 of the Dungeon.
             The game lasted 00:10:43 (6796 turns).

LustLizard the Magician (Djinni Conjurer)           Turns: 6796, Time: 00:10:44

Health: -1/50      AC:  2    Str:  6    XL:     8   Next: 11%
Gold:   275        EV: 12    Int: 22    God:    Ashenzari [......] SH:  0 Dex: 12

rFire   + + .      SeeInvis .   x - +11 hand axe "Bomnu" {holy, rPois}
rCold   x . .      Faith    .   (no shield)
rNeg    . . .      Spirit   .   a - +0 robe of Supernal Understanding {Fort, Evo} (curse)
rPois   ∞          Reflect  .   (no helmet)
rElec   .          Harm     .   (no cloak)
rCorr   .          Rampage  .   (no gloves)
Will    .....                   (boots unavailable)
Stlth   ++........              (no amulet)
HPRegen 0.16/turn               (no ring)
MPRegen 0.00/turn               (no ring)

@: flying
A: sickness immunity, fire resistance 2, cold vulnerability 1, float, innate
caster, HP casting, extra vitality 1
a: Renounce Religion, Shatter the Chains


You were on level 6 of the Dungeon.
You worshipped Ashenzari.
Ashenzari was noncommittal.
You visited 2 branches of the dungeon, and saw 7 of its levels.
You also visited: Sewer.

You collected 275 gold pieces.

Inventory:

Hand Weapons
 h - a +2 dagger of speed
 m - a +0 dagger
 x - the +11 hand axe "Bomnu" (weapon) {holy, rPois}
   (You found it on level 5 of the Dungeon)

   It has been blessed by the Shining One to cause great damage to the undead
   and demons.
   rPois:     It protects you from poison.
Missiles
 k - 24 poisoned darts
Armour
 a - the cursed +0 robe of Supernal Understanding (worn) {Fort, Evo}

   It has a curse which improves the following skills: Fortitude: Armour and
   Shields.
   Evocations: Evocations.
Wands
 o - a wand of mindburst (10)
 t - a wand of flame (8)
Scrolls
 b - 4 scrolls of teleportation {unknown}
 c - 5 scrolls of immolation {unknown}
 d - a scroll of brand weapon {unknown}
 i - 3 scrolls of amnesia {unknown}
 n - 2 scrolls of vulnerability
 q - a scroll of enchant armour {unknown}
 w - a scroll of fear {unknown}
Potions
 e - 3 potions of curing
 f - 2 potions of mutation
 g - 4 potions of lignification
 j - a potion of attraction
 l - a potion of cancellation
 p - a potion of flight
 r - a potion of heal wounds
 s - 2 potions of degeneration
 u - 2 potions of berserk rage
 v - 2 potions of invisibility


   Skills:
 - Level 2.1 Dodging
 - Level 4.0 Stealth
 * Level 6.6 Spellcasting


You couldn't memorise any spells.
You knew the following spells:

 Your Spells              Type           Power      Damage    Failure   Level
a - Magic Dart            Conj           100%       1d8       1%          1
b - Searing Ray           Conj           72%        2d7       1%          2
c - Dazzling Flash        Conj/Hex       72%        N/A       1%          3
d - Fulminant Prism       Conj/Hex       18%        3d11      5%          4
e - Iskenderun's Mystic   Conj/Tloc      36%        2d9       5%          4
f - Freeze                Ice            100%       1d11      1%          1
g - Poisonous Vapours     Pois/Air       72%        N/A       1%          2
h - Teleport Other        Tloc           36%        N/A       1%          3
Your spell library was empty.

Dungeon Overview and Level Annotations

Branches:
Dungeon (6/15)             Temple (1/1) D:4           Sewer (visited)

Altars:
Ashenzari
Dithmenos
Fedhas
Gozag
Hepliaklqana
Nemelex Xobeh
Qazlal
Uskayaw
Wu Jian

Shops:
D:3 :

Annotations:
D:3 3 runed translucent doors, CertainDeath's ghost, amateur MiMo; plokij's ghost, amateur MiFi; safid's ghost, amateur MiHu


Innate Abilities, Weirdness & Mutations

You are immune to sickness and miasma.
You are immune to poison.
Your flesh is very heat resistant. (rF++)
You are vulnerable to cold. (rC-)
You float through the air rather than walking.
You learn spells naturally, not from books.
Your magical power is your life essence.
You have superior vitality. (+4 MHP)


Message History

You hear a shout!
A kobold comes into view. It is wielding a +0 dagger.
Casting: Magic Dart (safe; 1% risk of failure)
Confirm with . or Enter, or press ? or * to list all spells.
Aiming: Magic Dart (safe; 1% risk of failure)
Press: ? - help, Shift-Dir - straight line, f/p - kobold brigand
Aim: a kobold brigand, wielding a +0 dagger and quivering poisoned darts (moderately wounded, 100% to hit)
The magic dart hits the kobold.
You kill the kobold!
A centaur comes into view.
The centaur wields a +0 shortbow.
The centaur shoots an arrow.
The arrow hits you.
Casting: Magic Dart (safe; 1% risk of failure)
Confirm with . or Enter, or press ? or * to list all spells.
Aiming: Poisonous Vapours (safe; 1% risk of failure)
Press: ? - help, Dir - move target, f - centaur
Aim: a centaur, wielding a +0 shortbow Poisonous vapours surround the centaur!
The centaur is poisoned.
The centaur shoots an arrow.
The arrow hits you!
Unknown command.
Casting: Poisonous Vapours (safe; 1% risk of failure)
Confirm with . or Enter, or press ? or * to list all spells.
Aiming: Searing Ray (safe; 1% risk of failure)
Press: ? - help, Shift-Dir - straight line, f/p - centaur
Aim: a centaur, wielding a +0 shortbow (very poisoned, 88% to hit)
The searing ray hits the centaur!
The centaur is heavily wounded. (Press . to maintain the ray.)
The centaur shoots an arrow.
The arrow barely misses you.
The searing ray hits the centaur.
The centaur is severely wounded.
The centaur shoots an arrow.
The arrow barely misses you.
The centaur shoots an arrow.
The arrow hits you!
* * * LOW HITPOINT WARNING * * *
You hear a shout!
The searing ray hits the centaur.
The centaur is severely wounded.
* * * LOW HITPOINT WARNING * * *
The centaur shoots an arrow.
The arrow hits you!
You die...

#.# #.# # #.# #. #.#
#) #####.##
...##c#####......####
.......@............+
...##.#####.#....## #
#...#..# #..###.#
#..# #.#
#..###.######
#...........#
##.#.######.#
#.......##.##


You could see a centaur (very poisoned).

Vanquished Creatures
  Pargi (Sewer)
  An ice beast (D:3)
  A phantom (D:4)
  A scorpion (D:5)
  A necrophage (D:6)
  A hound (D:5)
  An orc priest (D:5)
  Natasha (thrice) (D:4)
  2 iguanas (D:4)
  7 gnolls
  6 adders
  A white imp (D:5)
  An ufetubus (D:2)
  5 worms
  7 orcs
  8 bats
  3 endoplasms
  2 giant cockroaches
  6 goblins
  4 hobgoblins
  3 jackals (D:1)
  7 quokkas
  7 ball pythons
  2 frilled lizards
  7 kobolds
  6 rats
94 creatures vanquished.

Vanquished Creatures (others)
  2 fulminant prisms
  4 withered plants (D:3)
6 creatures vanquished.

Grand Total: 100 creatures vanquished

Notes
Turn   | Place    | Note
-------+----------+-------------------------------------------
     0 | D:1      | LustLizard the Djinni Conjurer began the quest for the Orb.
     0 | D:1      | LustLizard set off with the following spells memorised:
                  | Magic Dart, Searing Ray, Dazzling Flash, Fulminant Prism,
                  | Iskenderun's Mystic Blast.
     0 | D:1      | Reached XP level 1. HP: 15/15 MP: 0/0
   115 | D:1      | Reached XP level 2. HP: 16/21 MP: 0/0
   386 | D:1      | Reached XP level 3. HP: 20/25 MP: 0/0
   386 | D:1      | Learned a level 1 spell: Freeze
  1448 | D:2      | Found a shadowy altar of Dithmenos.
  1560 | D:2      | Reached skill level 4 in Spellcasting
  1560 | D:2      | Reached XP level 4. HP: 10/31 MP: 0/0
  2031 | D:2      | Found a faded altar of an unknown god.
  2202 | D:3      | Noticed an ice beast
  2208 | D:3      | Killed an ice beast
  2209 | D:3      | Reached XP level 5. HP: 25/35 MP: 0/0
  2209 | D:3      | Learned a level 2 spell: Poisonous Vapours
  2479 | D:3      | Found Cepypir's Book Boutique.
  2702 | D:3      | Found a runed translucent gate.
  2703 | D:3      | Found a runed translucent gate.
  2703 | D:3      | Found a runed translucent gate.
  2718 | D:3      | Noticed plokij's ghost (amateur MiFi)
  2718 | D:3      | Noticed CertainDeath's ghost (amateur MiMo)
  2718 | D:3      | Noticed safid's ghost (amateur MiHu)
  2750 | D:3      | Reached XP level 6. HP: 36/40 MP: 0/0
  2830 | D:3      | Found a stormy altar of Qazlal.
  3480 | D:4      | Found a staircase to the Ecumenical Temple.
  3487 | D:4      | Reached skill level 5 in Spellcasting
  3495 | Temple   | Entered the Ecumenical Temple
  3587 | Temple   | Became a worshipper of Ashenzari the Shackled
  3806 | D:4      | Noticed Natasha
  3814 | D:4      | Killed Natasha
  4670 | D:4      | Reached XP level 7. HP: 21/45 MP: 0/0
  4670 | D:4      | Learned a level 3 spell: Teleport Other
  4678 | D:4      | Noticed Natasha
  4714 | D:4      | Killed Natasha
  5068 | D:4      | Noticed Natasha
  5072 | D:4      | Killed Natasha
  5117 | D:5      | Entered Level 5 of the Dungeon
  5479 | D:5      | Found a glowing drain.
  5505 | Sewer    | Entered a sewer
  5623 | Sewer    | Noticed Pargi
  5645 | Sewer    | Killed Pargi
  5646 | Sewer    | Reached skill level 6 in Spellcasting
  6211 | D:5      | Reached XP level 8. HP: 35/50 MP: 0/0
  6410 | D:5      | Found an ornate altar of the Wu Jian Council.
  6414 | D:5      | Found the +6 shillelagh "Devastator" {shatter}
  6422 | D:5      | Identified the +11 hand axe "Bomnu" {holy, rPois}
  6796 | D:6      | Shot with an arrow by a centaur

Illustrated notes

Levels and vault maps discovered:
D:1:      dpeg_arrival_stone_temple_mockup, layout_loops_ring,
          nicolae_grassy_gnolls
D:2:      layout_loops_ring, basic_ecumenical_altar, basic_altar
D:3:      layout_loops_cross, nicolae_qazlal_scattered_showers,
          gammafunk_ghost_cemetery, serial_shops, shop
D:4:      layout_loops_corners, minmay_temple_entry_statues_pillars,
          uniq_natasha
D:5:      layout_basic, nicolae_wu_jian_glorious_leap,
          cheibrodos_sewer_entry_bend
D:6:      layout_loops_corners, minmay_circle_x
Temple:   hc_temple_tempest_star

Skill      XL: |  1  2  3  4  5  6  7 |
---------------+----------------------+-----
Stealth        | 2 3 4 |  4.0
Spellcasting   | 4 5 6 |  6.6
Dodging        | |  2.1

Action                   |  1- 3 |  4- 6 |  7- 9 || total
-------------------------+-------+-------+-------++-------
Melee: Dagger            |       |    42 |     1 ||    43
       Punch             |       |     1 |       ||     1
 Cast: Magic Dart        |    55 |    75 |    86 ||   216
       Freeze            |       |    14 |     5 ||    19
       Iskenderun's Myst |       |     2 |       ||     2
       Fulminant Prism   |       |     1 |     1 ||     2
       Searing Ray       |       |     1 |     1 ||     2
       Poisonous Vapours |       |       |     7 ||     7
       Teleport Other    |       |       |     2 ||     2
Invok: Curse Item        |       |       |     1 ||     1
  Use: Scroll            |       |     6 |     4 ||    10
Armor: Robe              |     3 |     8 |     5 ||    16
Dodge: Dodged            |     5 |    34 |    15 ||    54
